 Dungeon Crawl Stone Soup version 0.28.0-43-g3370ac3207 (webtiles) character file.

Game seed: 6368350082683549244

0 croobank the Sneak (level 1, 0/10 HPs)
             Began as a Felid Delver on Mar 21, 2022.
             Hit by a stone thrown by an orc (1 damage)
             ... on level 5 of the Dungeon.
             The game lasted 00:02:56 (184 turns).

croobank the Sneak (Felid Delver)                    Turns: 184, Time: 00:02:57

Health: 0/10       AC:  1    Str:  8    XL:     1   Next: 0%
Magic:  2/2        EV: 17    Int: 11    God:
Gold:   0          SH:  0    Dex: 17    Spells: 0/0 levels left
                                        Lives:  0   Deaths: 0

rFire   . . .      SeeInvis +     - Unarmed
rCold   . . .      Faith    .   (shield unavailable)
rNeg    . . .      Spirit   .   (armour unavailable)
rPois   .          Reflect  .   (helmet unavailable)
rElec   .          Harm     .   (cloak unavailable)
rCorr   .          Rampage  .   (gloves unavailable)
Will    .....                   (boots unavailable)
Stlth   +++.......              (no amulet)
HPRegen 0.03/turn               (no ring)
MPRegen 0.08/turn               (no ring)

@: quick
A: very small, claws 1, fangs 3, see invisible, speed 1, shaggy fur 1, stealthy
paws, no weapons or thrown items, no armour, multi-lived
a: no special abilities


You were on level 5 of the Dungeon.
You visited 1 branch of the dungeon, and saw 2 of its levels.

Inventory:

Wands
 e - a wand of digging (3)
Scrolls
 a - a scroll of fog
 g - a scroll of enchant armour {unknown}


   Skills:
 + Level 3.0 Fighting
 + Level 2.6 Dodging
 + Level 6.6 Stealth
 + Level 2.0 Unarmed Combat


You couldn't memorise any spells.
You didn't know any spells.
Your spell library contained the following spells:

 Spells                   Type           Power      Damage    Failure   Level
 Magic Dart               Conj           0%         1d3       34%         1
 Searing Ray              Conj           0%         2d4       47%         2
 Fulminant Prism          Conj/Hex       0%         3d6       98%         4


Dungeon Overview and Level Annotations

Branches:
Dungeon (6/15)
 Temple: D:4-7

Altars:


Innate Abilities, Weirdness & Mutations

You have sharp claws.
You have razor-sharp teeth.
You have supernaturally acute eyesight. (SInv)
You cover ground quickly. (Speed+)
You are covered in fur. (AC +1)
Your paws help you pounce on unaware monsters.
You are incapable of wielding weapons or throwing items.
You cannot wear armour.
You gain extra lives every three experience levels.


Message History

The orc warrior misses you. The steam dragon breathes steam at you.
The ball of steam misses you.
You hear an angry hiss.
You hear a shout!
The necrophage is engulfed in a cloud of scalding steam.
The necrophage is engulfed in a cloud of scalding steam.
There is a stone staircase leading down here.
You climb downwards.
Found 6 poisoned darts.
There is a stone staircase leading up here.
Found a chain mail.
A centaur zombie comes into view.
You scratch the centaur zombie.
The centaur zombie is lightly damaged.
The centaur zombie closely misses you. x2
You scratch the centaur zombie.
The centaur zombie is moderately damaged.
The centaur zombie closely misses you. The centaur zombie misses you.
The centaur zombie closely misses you.
The centaur zombie completely misses you.
Found 22 stones.
It was a potion of invisibility.
You fade into invisibility!
Your extra speed is starting to run out.
You feel yourself slow down.
There is a stone staircase leading up here.
You climb upwards.
The adder barely misses you. The necrophage hits you.
Ouch! That really hurt!
* * * LOW HITPOINT WARNING * * *
Something unseen opens the door.
The adder barely misses you. The necrophage misses you.
There is a stone staircase leading down here.
The adder closely misses you.
A scorpion comes into view.
An orc comes into view. It is wielding a +0 hand axe.
You flicker for a moment.
An orc comes into view. It is wielding a +0 whip.
You flicker back into view.
The orc throws a stone.
The stone hits you.
You die...

***,,,,....##.##################,
,,+,,,,(........oS......§§.§§.o.,
***,,,,....###.#####l?..§..§....*
*,,,,.........# #..o$..§§..o.*
*,,,,.......#.## #......D.....*
*,,,,..o....#..###........o.o$*
*,,,,...S...#.o...............*
*,,,,.......#......$..l.....o.*
*****########.@...o...........*
#...oo............*
#...$.#...[.....,,*
#.....#.##o#####*o#
#.....#........##.#
#.....h.######'#...
#S.........l.......
#...............oo.
#...............$..


You could see a hound (wandering), an orc wizard (wandering), an adder
(wandering) and 4 orcs.

Vanquished Creatures (others)
  An orc (D:5)
1 creature vanquished.

Notes
Turn   | Place    | Note
-------+----------+-------------------------------------------
     0 | D:5      | croobank the Felid Delver began the quest for the Orb.
     0 | D:5      | Reached XP level 1. HP: 10/10 MP: 2/2
    20 | D:5      | Noticed a hound
    24 | D:5      | Noticed a necrophage
    31 | D:5      | Noticed an iguana
    46 | D:5      | Noticed an orc warrior
    46 | D:5      | Noticed an iguana
    48 | D:5      | Noticed an orc wizard
    51 | D:5      | Noticed a steam dragon
    61 | D:5      | Noticed an orc warrior
    79 | D:6      | Noticed an ice beast
   159 | D:5      | Noticed a scorpion
   184 | D:5      | Hit by a stone thrown by an orc

Illustrated notes

Levels and vault maps discovered:
D:5:      layout_basic
D:6:      layout_layer_cave, grunt_ministairs_2, kennysheep_small_circle

Action                   || total
-------------------------++-------
Melee: Unarmed           ||     3
       Bite              ||     1
  Use: Scroll            ||     2
       Potion            ||     2
Dodge: Dodged            ||    14
